 Dungeon Crawl Stone Soup version 0.22.1-2-g9c5b331383 (webtiles) character file.

444 JOKERXD40 the Chopper (level 6, -1/56 HPs)
             Began as a Minotaur Berserker on Nov 18, 2018.
             Was a Priest of Trog.
             Killed from afar by Blork the orc (5 damage)
             ... with a magic dart
             ... on level 4 of the Dungeon.
             The game lasted 00:05:42 (2996 turns).

JOKERXD40 the Chopper (Minotaur Berserker)          Turns: 2996, Time: 00:05:42

Health: -1/56      AC:  9    Str: 22    XL:     6   Next: 72%
Magic:  5/5        EV:  4    Int:  4    God:    Trog [***...]
Gold:   194        SH: 14    Dex: 11    Spells: 5/5 levels left

rFire    . . .     SeeInvis .   a - +0 hand axe
rCold    . . .     Gourm    .   r - +1 large shield
rNeg     . . .     Faith    .   n - +0 chain mail
rPois    .         Spirit   .   (helmet restricted)
rElec    .         Reflect  .   (no cloak)
rCorr    .         Harm     .   (no gloves)
MR       ++...                  (no boots)
Stlth    ..........             (no amulet)
HPRegen  1.18/turn              (no ring)
MPRegen  0.09/turn              (no ring)

@: about to teleport, regenerating
A: retaliatory headbutt, horns 2
a: Berserk, Trog's Hand, Renounce Religion


You were on level 4 of the Dungeon.
You worshipped Trog.
Trog was most pleased with you.
You were very hungry.

You visited 1 branch of the dungeon, and saw 4 of its levels.

You collected 194 gold pieces.

Inventory:

Hand Weapons
 a - a +0 hand axe (weapon)
Missiles
 f - 3 javelins (quivered)
Armour
 n - a +0 chain mail (worn)
 r - a +1 large shield (worn)
Jewellery
 g - a cursed -3 ring of dexterity {unknown}
Scrolls
 b - 2 scrolls of enchant armour
 d - 2 scrolls of immolation {unknown}
 e - a scroll of fear {unknown}
 i - a scroll of identify
 j - a scroll of fog {unknown}
 m - 2 scrolls of blinking {unknown}
 o - a scroll of enchant weapon {unknown}
Potions
 h - a potion of lignification {unknown}
 p - a potion of ambrosia {unknown}
Comestibles
 c - 3 rations


   Skills:
 + Level 5.4 Fighting
 * Level 6.4 Axes
 + Level 4.2 Armour
 - Level 3.0 Dodging
 + Level 2.5 Shields


You had 5 spell levels left.
You didn't know any spells.
Your spell library was empty.

Dungeon Overview and Level Annotations

Branches:
Dungeon (4/15)
 Temple: D:4-7

Altars:
Kikubaaqudgha

Annotations:
D:4 Blork the orc


Innate Abilities, Weirdness & Mutations

You reflexively headbutt those who attack you in melee.
You have a pair of horns on your head.


Message History

A puff of flame appears from out of thin air!
The puff of flame hits you!
* * * LOW HITPOINT WARNING * * *
Your shield prevents you from hitting something.
Something hits you but does no damage.
You hit something.
You hear some strange, mumbled words.
A puff of frost appears from out of thin air!
The puff of frost hits you!
* * * LOW HITPOINT WARNING * * *
Something hits you but does no damage.
You closely miss something. You headbutt something. Something hits you!
* * * LOW HITPOINT WARNING * * *
Okay, then.
As you read the scroll labeled DANLIGR FOGIHI, it crumbles to dust.
You feel strangely unstable.
It was a scroll of teleportation.
You hear some strange, mumbled words.
A magic dart appears from out of thin air!
The magic dart hits you!
You die...

......#############.#.
......# .# ......#
.....## ### #...## #..
##.## #.# #.# #.# #
#.# #.####.###..###
#.# #......@{......
##.#####
######.##..####
)...[..########.# .#
##..............# #
#####.########.....#
#.# #.##.## #.# #.# #
#.# #.# #.# #.#


There were no monsters in sight!

Vanquished Creatures
  A big kobold (D:4)
  A howler monkey (D:4)
  A bullfrog skeleton (D:4)
  2 orc priests (D:4)
  An orc wizard (D:4)
  A worker ant (D:4)
  A hound skeleton (D:4)
  6 gnolls
  2 adders (D:2)
  An ooze (D:3)
  An adder skeleton (D:4)
  5 worms
  A dart slug (D:1)
  3 leopard geckos
  10 orcs
  A ball python (D:3)
  5 bats
  3 giant cockroaches (D:3)
  7 goblins
  7 hobgoblins
  4 jackals
  A quokka (D:3)
  3 frilled lizards
  11 kobolds
  5 rats
84 creatures vanquished.

Notes
Turn   | Place    | Note
-------+----------+-------------------------------------------
     0 | D:1      | JOKERXD40 the Minotaur Berserker began the quest for the
                  | Orb.
     0 | D:1      | Reached XP level 1. HP: 19/19 MP: 0/0
   182 | D:1      | Reached XP level 2. HP: 13/27 MP: 1/1
   390 | D:1      | Reached skill level 4 in Axes
   839 | D:2      | Reached XP level 3. HP: 33/33 MP: 2/2
   943 | D:2      | Reached ** piety under Trog
  1295 | D:2      | Reached XP level 4. HP: 41/41 MP: 3/3
  1842 | D:3      | Found an ancient bone altar of Kikubaaqudgha.
  1907 | D:3      | Reached skill level 5 in Axes
  1965 | D:3      | Reached XP level 5. HP: 25/47 MP: 4/4
  1966 | D:3      | Reached skill level 1 in Shields
  2330 | D:3      | Reached *** piety under Trog
  2401 | D:4      | Reached skill level 5 in Fighting
  2673 | D:4      | Reached XP level 6. HP: 56/56 MP: 5/5
  2676 | D:4      | Reached skill level 6 in Axes
  2974 | D:4      | Noticed Blork the orc
  2996 | D:4      | Killed from afar by Blork the orc

Skill      XL: |  1  2  3  4  5  6 |
---------------+-------------------+-----
Axes           | 4 5 6 |  6.4
Fighting       | 4 5 |  5.4
Armour         | 3 4 |  4.2
Dodging        | 3 |  3.0
Shields        | 1 2 |  2.5

Action                   |  1- 3 |  4- 6 || total
-------------------------+-------+-------++-------
Melee: Hand axe          |    86 |   146 ||   232
       Headbutt          |    14 |    23 ||    37
Invok: Berserk           |     1 |     2 ||     3
       Trog's Hand       |       |     1 ||     1
  Use: Potion            |       |     2 ||     2
       Scroll            |       |     3 ||     3
  Eat: Chunk             |     1 |     4 ||     5
       Ration            |       |     1 ||     1
Armor: Leather armour    |    18 |       ||    18
       Chain mail        |       |    54 ||    54
Dodge: Dodged            |    50 |    36 ||    86
Block: Buckler           |       |    11 ||    11
       Large shield      |       |    19 ||    19
